 Dungeon Crawl Stone Soup version 0.29-a0-284-gf9362112df (webtiles) character file.

Game seed: 6774889876338117212

106 sammy202020 the Sneak (level 4, -10/31 HPs)
             Began as an Octopode Brigand on Mar 14, 2022.
             Killed by nerve-wracking pain
             ... invoked by Grinder
              (14 damage)
             ... on level 4 of the Dungeon.
             The game lasted 00:03:01 (2741 turns).

sammy202020 the Sneak (Octopode Brigand)            Turns: 2741, Time: 00:03:02

Health: -10/31     AC:  1    Str: 10    XL:     4   Next: 84%
Magic:  4/4        EV: 14    Int: 13    God:
Gold:   262        SH:  0    Dex: 21    Spells: 3/3 levels left

rFire   . . .      SeeInvis .   a - +2 dagger
rCold   . . .      Faith    .   (no shield)
rNeg    . . .      Spirit   .   (helmet restricted)
rPois   +          Reflect  .   (no amulet)
rElec   .          Harm     .   h - +6 ring of dexterity
rCorr   .          Rampage  .   n - ring of poison resistance
Will    .....                   (no ring)
Stlth   +++++.....              (no ring)
HPRegen 0.10/turn               (no ring)
MPRegen 0.09/turn               (no ring)
                                (no ring)
                                (no ring)

@: no status effects
A: almost no armour, amphibious, 8 rings, camouflage 1, gelatinous body 1,
(nimble swimmer 1), tentacles
a: no special abilities


You were on level 4 of the Dungeon.
You visited 1 branch of the dungeon, and saw 4 of its levels.

You collected 262 gold pieces.

Inventory:

Hand Weapons
 a - a +2 dagger (weapon)
 m - a +2 vorpal mace
Missiles
 b - 9 poisoned darts (quivered)
 c - 3 curare-tipped darts
Jewellery
 h - a +6 ring of dexterity (left tentacle)
 l - a ring of wizardry
 n - a ring of poison resistance (right tentacle)
Scrolls
 d - a scroll of noise {unknown}
 e - 5 scrolls of identify {unknown}
 g - 2 scrolls of teleportation {unknown}
Potions
 f - 3 potions of lignification {unknown}
 i - a potion of might {unknown}
 j - a potion of invisibility {unknown}
 k - a potion of haste {unknown}
 o - a potion of attraction {unknown}


   Skills:
 * Level 3.4 Fighting
 + Level 2.7 Short Blades
 - Level 2.0 Throwing
 + Level 2.0 Dodging
 + Level 6.0 Stealth


You had 3 spell levels left.
You didn't know any spells.
Your spell library contained the following spells:

 Spells                   Type           Power      Damage    Failure   Level
 Dazzling Flash           Conj/Hex       0%         N/A       67%         3
 Iskenderun's Mystic Bla  Conj/Tloc      0%         2d3       97%         4
 Agony                    Necr           0%         N/A       100%        5
 Silence                  Hex/Air        0%         N/A       100%        5
 Starburst                Conj/Fire      0%         6d3       100%        6


Dungeon Overview and Level Annotations

Branches:
Dungeon (4/15)
 Temple: D:4-7

Altars:
Gozag

Annotations:
D:4 Grinder


Innate Abilities, Weirdness & Mutations

You cannot wear most types of armour.
You are amphibious.
You can wear up to eight rings at the same time.
Your skin changes colour to match your surroundings (Stealth+).
Your rubbery body absorbs attacks. (AC +1, EV +1)
((You are camouflaged when in or above water. (Stealth+)))
You have tentacles for arms and can constrict up to eight enemies at once.


Message History

Grinder hits you.
You writhe in agony.
Grinder gestures at you.
You shrug off the repeated paralysis!
Grinder hits you.
You writhe in agony.
You can move again.
Okay, then.
Sorry, you're not good enough to have a special ability.
You hit Grinder. You grab Grinder.
Grinder is moderately wounded.
You constrict Grinder, but do no damage.
Grinder gestures at you. You resist with significant effort.
You hit Grinder.
Grinder is moderately wounded.
You constrict Grinder.
Grinder struggles to blink free from constriction.
You hit Grinder.
Grinder is moderately wounded.
You constrict Grinder. Grinder closely misses you.
You hit Grinder.
Grinder is heavily wounded.
You constrict Grinder. You hit Grinder but do no damage.
You squeeze Grinder, but do no damage.
Grinder is heavily wounded.
You constrict Grinder. Grinder hits you.
You writhe in agony.
You hit Grinder.
Grinder is severely wounded.
You constrict Grinder. Grinder gestures at you. Pain shoots through your body!
* * * LOW HITPOINT WARNING * * *
You completely miss Grinder.
Grinder is severely wounded.
You constrict Grinder. Grinder closely misses you.
You hit Grinder. Your squeeze misses Grinder.
Grinder is almost dead.
You constrict Grinder. Grinder gestures at you. Pain shoots through your body!
You die...

###.# #)..##
#########....####
###.........._.....
#.......####....###
. #.......# ##...#
.r.##.......# #.###
............# #.#
..##.5@##### .#
........# ........#
......### ...#.. ..
... . ###


You could see Grinder and a quokka.

Vanquished Creatures
  Crazy Yiuf (D:2)
  4 adders
  A dart slug (D:3)
  2 orcs
  4 ball pythons
  4 bats
  3 endoplasms
  A giant cockroach (D:1)
  5 goblins
  5 hobgoblins
  2 kobolds
  A quokka (D:3)
  3 frilled lizards
  3 rats
39 creatures vanquished.

Notes
Turn   | Place    | Note
-------+----------+-------------------------------------------
     0 | D:1      | sammy202020 the Octopode Brigand began the quest for the
                  | Orb.
     0 | D:1      | Reached XP level 1. HP: 14/14 MP: 1/1
   236 | D:1      | Reached XP level 2. HP: 19/19 MP: 2/2
   639 | D:2      | Reached XP level 3. HP: 25/25 MP: 3/3
  1041 | D:2      | Found a runed translucent door.
  1042 | D:2      | Noticed Crazy Yiuf
  1506 | D:2      | Noticed an eye of devastation
  1509 | D:2      | Found a faded altar of an unknown god.
  1511 | D:2      | Noticed a floating eye
  1511 | D:2      | Noticed a great orb of eyes
  1511 | D:2      | Noticed a great orb of eyes
  1673 | D:2      | Killed Crazy Yiuf
  1674 | D:2      | Reached XP level 4. HP: 16/31 MP: 4/4
  1926 | D:3      | Reached skill level 6 in Stealth
  2705 | D:4      | Found an opulent altar of Gozag.
  2721 | D:4      | Noticed Grinder
  2721 | D:4      | Paralysed by Grinder for 6 turns
  2730 | D:4      | Paralysed by Grinder for 3 turns
  2741 | D:4      | Killed from afar by Grinder

Illustrated notes

Levels and vault maps discovered:
D:1:      sevenhm_arrival_forest_fort_small_3, layout_basic
D:2:      layout_basic, hellmonk_ecumenical_altar_watching_god,
          uniq_crazy_yiuf_cottage
D:3:      layout_basic, grunt_decor_mini_mirrors
D:4:      layout_basic, nicolae_overflow_crystal_walls, kennysheep_little_box,
          uniq_grinder, uniq_menkaure, uniq_blork_the_orc

Skill      XL: |  1  2  3  4 |
---------------+-------------+-----
Fighting       | 3 |  3.4
Stealth        | 6 |  6.0
Dodging        | 2 |  2.0
Short Blades   | |  2.7
Throwing       | |  2.0

Action                   |  1- 3 |  4- 6 || total
-------------------------+-------+-------++-------
Melee: Dagger            |    36 |    34 ||    70
       Constrict         |     7 |     5 ||    12
       Tentacles         |     3 |     2 ||     5
 Stab: Sleeping          |    11 |    10 ||    21
       Distracted        |     1 |       ||     1
Armor: Skin              |     6 |       ||     6
Dodge: Dodged            |    17 |     8 ||    25

Table legend: (Time is in decaauts)
 A = Elapsed time spent in this place.
 B = Non-inter-level travel time spent in this place.
 C = Inter-level travel time spent in this place.
 D = Time resting spent in this place.
 E = Time spent auto-exploring this place.
 F = Levels seen in this place.
 G = Mean time per level.
                   A        B        C        D        E       F      G
               +--------+--------+--------+--------+--------+-----+--------+
         Total |   2716 |   2574 |    142 |      0 |   2287 |   4 |  679.0 |
       Dungeon |   2716 |   2574 |    142 |      0 |   2287 |   4 |  679.0 |
               +--------+--------+--------+--------+--------+-----+--------+

Top non-repeatable levels by time:
     D:2: 1253 daAuts
     D:3: 831 daAuts
     D:1: 597 daAuts
     D:4: 34 daAuts
